 Dungeon Crawl Stone Soup version 0.14-a0-3367-g7c2a7eb (webtiles) character file.

442 4tharraofdagon the Poker (level 6, -15/50 HPs)
             Began as a Merfolk Fighter on Mar 19, 2014.
             Demolished by an orc warrior
             ... wielding a +0,+0 battleaxe
              (26 damage)
             ... on Level 7 of the Dungeon.
             The game lasted 00:08:45 (1472 turns).

4tharraofdagon the Poker (Merfolk Fighter)          Turns: 1472, Time: 00:08:45

HP -15/50        AC  6     Str 23      XL: 6   Next: 81%
MP   6/6         EV  6     Int  8      God:
Gold 48          SH 19     Dex 13      Spells:  0 memorised,  5 levels left

rFire  . . .     SeeInvis .     o - +1,+5 trident
rCold  . . .     Clarity  .     b - +0 scale mail
rNeg   . . .     Conserve .     c - +0 shield
rPois  .         rCorr    .     (no helmet)
rElec  .         rRot     .     (no cloak)
SustAb . .       Spirit   .     (no gloves)
rMut   .         Warding  .     (no boots)
Saprov . . .     Stasis   .     (no amulet)
MR     .....                    (no ring)
                                (no ring)

@: mighty, not resistant to hostile enchantments, extremely unstealthy
A: change form in water, swift swim
a: no special abilities


You were on level 7 of the Dungeon.
You were not hungry.

You visited 1 branch of the dungeon, and saw 7 of its levels.

You collected 165 gold pieces.
You spent 117 gold pieces at shops.

Inventory:

Hand weapons
 a - a +0,+0 trident
 o - a +1,+5 trident (weapon)
Missiles
 f - 2 curare-tipped needles
 s - 13 darts (quivered)
Armour
 b - a +0 scale mail (worn)
 c - a +0 shield (worn)
 j - a +0 scale mail
 k - a +0 plate armour
 r - the -4 robe of Indomitability {Str+2 Dam+4}
   (You found it on level 6 of the Dungeon)

   It affects your strength (+2).
   It affects your damage with ranged weapons and melee attacks (+4).
Magical devices
 p - a wand of lightning (0)
 q - a wand of confusion (17)
 x - a wand of lightning (0)
 E - a wand of digging (6)
Comestibles
 d - 2 bread rations
 F - a slice of pizza
 G - a meat ration
Scrolls
 g - a scroll of amnesia {unknown}
 h - a scroll of enchant weapon II
 i - 7 scrolls of identify
 v - a scroll of remove curse
 y - a scroll of immolation {unknown}
 z - a scroll of random uselessness {unknown}
 B - a scroll of summoning {unknown}
 C - a scroll of holy word {unknown}
 D - a scroll of recharging {unknown}
Jewellery
 u - a -3 ring of intelligence
Potions
 l - a potion of poison
 m - a potion of brilliance
 t - a potion of lignification
 A - a potion of agility {unknown}
Magical staves
 n - an uncursed staff of earth
 w - an uncursed staff of fire


   Skills:
 + Level 4.9 Fighting
 * Level 6.3 Polearms
 + Level 3.1 Armour
 + Level 3.7 Dodging
 - Level 3.0 Shields


You had 5 spell levels left.
You didn't know any spells.

Dungeon Overview and Level Annotations

Branches:
Dungeon (7/15)
 Temple: D:4-7

Altars:
Okawaru

Shops:
D:7 *[


Message History

Evoke which item? (* to show all) (? for menu, Esc to quit)
Zapping:
p - a wand of lightning {zapped: 5}
Press: ? - help, Shift-Dir - straight line, f/p - orc warrior
Aim: an orc warrior, wielding a battleaxe and wearing a plate armour (heavily wounded)
You hear a mighty clap of thunder!
The bolt of lightning hits the orc warrior.
The orc warrior is almost dead.
An orc comes into view. It is wielding a hand axe.
Evoke which item? (* to show all) (? for menu, Esc to quit)
Zapping:
p - a wand of lightning {zapped: 6}
Press: ? - help, Shift-Dir - straight line, f/p - orc warrior
Aim: an orc warrior, wielding a battleaxe and wearing a plate armour (almost dead) Nothing appears to happen.
An orc priest comes into view. It is wielding a whip.
A giant gecko comes into view.
Drink which item? (? for menu, Esc to quit)
You feel very mighty all of a sudden.
The orc warrior hits you with a battleaxe!
Ouch! That really hurt!
You die...

#######.... ### #.@....l...
#.### #o######### #...# #
#..o...# #...#
.....####......#####
#...#................oo....
.....................#####
#...##...#.######....####
#...# # #...........# #...#
##.∩.#......#


You could see an orc warrior and a giant gecko.

Vanquished Creatures
  A hippogriff (D:7)
  A giant frog (D:7)
  A hound (D:4)
  A gnoll shaman (D:7)
  3 worker ants (D:6)
  2 gnolls (D:7)
  A shadow imp (D:6)
  2 worms
  5 orcs
  2 giant cockroaches
  A goblin (D:3)
  4 hobgoblins
  7 jackals
  A ball python (D:3)
  4 bats
  A giant newt (D:4)
  2 kobolds
  A kobold skeleton (D:6)
  4 quokkas
  7 rats
51 creatures vanquished.

Vanquished Creatures (others)
  A giant spore (D:6)
1 creature vanquished.

Grand Total: 52 creatures vanquished

Notes
Turn   | Place    | Note
--------------------------------------------------------------
     0 | D:1      | 4tharraofdagon, the Merfolk Fighter, began the quest for the Orb.
     0 | D:1      | Reached XP level 1. HP: 18/18 MP: 1/1
   274 | D:3      | Reached XP level 2. HP: 17/24 MP: 2/2
   508 | D:4      | Reached skill level 4 in Fighting
   508 | D:4      | Reached skill level 1 in Dodging
   508 | D:4      | Reached XP level 3. HP: 24/30 MP: 3/3
   579 | D:5      | Entered Level 5 of the Dungeon
   729 | D:6      | Reached XP level 4. HP: 18/37 MP: 4/4
   742 | D:6      | Got a creamy pearl robe
   753 | D:6      | Identified the cursed -4 robe of Indomitability {Str+2 Dam+4} (You found it on level 6 of the Dungeon)
   890 | D:6      | Reached skill level 5 in Polearms
   890 | D:6      | Reached XP level 5. HP: 26/42 MP: 5/5
  1082 | D:6      | Noticed an orc warrior
  1214 | D:7      | Found Qas Laen's Assorted Antiques.
  1221 | D:7      | Bought a scroll labeled LORYOCSYMO for 24 gold pieces
  1221 | D:7      | Bought a scroll labeled OGUUWYTHRIKH for 24 gold pieces
  1221 | D:7      | Bought a fizzy inky potion for 21 gold pieces
  1221 | D:7      | Bought a scroll labeled STRIRA TEED for 24 gold pieces
  1221 | D:7      | Bought a scroll labeled PLECOU CHAIRA for 24 gold pieces
  1257 | D:7      | Found an iron altar of Okawaru.
  1281 | D:7      | Noticed a hippogriff
  1387 | D:6      | Reached XP level 6. HP: 49/49 MP: 6/6
  1409 | D:7      | Found Gruit's Antique Armour Shoppe.
  1464 | D:7      | Killed a hippogriff
  1464 | D:7      | Reached skill level 6 in Polearms
  1466 | D:7      | Noticed an orc warrior
  1472 | D:7      | Demolished by an orc warrior

Action                   |  1- 3 |  4- 6 || total
-------------------------+-------+-------++-------
Melee: Trident           |    98 |    99 ||   197
Throw: Dart              |       |     1 ||     1
Evoke: Wand              |     1 |    11 ||    12
  Use: Scroll            |       |     8 ||     8
       Potion            |       |     2 ||     2
 Stab: Confused          |       |     1 ||     1
